 Dungeon Crawl Stone Soup version 0.25-a0-277-g7046ed1b37 (webtiles) character file.

Game seed: 6718742146094751213, levelgen mode: deterministic

63 MoonlitKnight the Chopper (level 4, -4/40 HPs)
             Began as a Hill Orc Abyssal Knight on Dec 9, 2019.
             Was a Believer of Lugonu.
             Slain by Sigmund
             ... wielding a +1 scythe of holy wrath
              (13 damage)
             ... on level 2 of the Dungeon.
             The game lasted 00:05:09 (2109 turns).

MoonlitKnight the Chopper (Hill Orc Abyssal Knight) Turns: 2109, Time: 00:05:10

Health: -4/40      AC:  4    Str: 15    XL:     4   Next: 9%
Magic:  6/6        EV: 11    Int: 12    God:    Lugonu [**....]
Gold:   47         SH:  0    Dex: 10    Spells: 3/3 levels left

rFire    . . .     SeeInvis .   a - +1 hand axe
rCold    . . .     Gourm    .   (no shield)
rNeg     . . .     Faith    .   b - +0 leather armour
rPois    .         Spirit   .   f - +0 helmet (curse)
rElec    .         Reflect  .   (no cloak)
rCorr    .         Harm     .   (no gloves)
MR       .....                  (no boots)
Stlth    +.........             (no amulet)
HPRegen  0.13/turn              (no ring)
MPRegen  0.10/turn              (no ring)

@: lightly drained
A: no striking features
a: Depart the Abyss, Bend Space, Renounce Religion


You were on level 2 of the Dungeon.
You worshipped Lugonu.
Lugonu was pleased with you.
You were not hungry.

You visited 1 branch of the dungeon, and saw 2 of its levels.
You visited the Abyss 1 time.

You collected 47 gold pieces.

Inventory:

Hand Weapons
 a - a +1 hand axe (weapon)
Missiles
 m - 2 boomerangs (quivered)
Armour
 b - a +0 leather armour (worn)
 f - a cursed +0 helmet (worn)
Jewellery
 h - an uncursed ring of fire {unknown}
 n - an uncursed ring of fire {unknown}
Scrolls
 i - 2 scrolls of fog {unknown}
 j - 2 scrolls of enchant weapon {unknown}
 k - a scroll of teleportation {unknown}
 l - 3 scrolls of identify {unknown}
 o - 2 scrolls of magic mapping {unknown}
 p - a scroll of enchant armour {unknown}
Potions
 d - 3 potions of lignification {unknown}
 e - a potion of magic {unknown}
 g - 3 potions of curing {unknown}
 q - a potion of flight {unknown}
Comestibles
 c - a ration


   Skills:
 + Level 4.0 Fighting
 * Level 4.1 Axes
 + Level 2.7 Armour
 - Level 0.7(0.6) Dodging
 - Level 3.4 Invocations


You had 3 spell levels left.
You didn't know any spells.
Your spell library was empty.

Dungeon Overview and Level Annotations

Branches:
Dungeon (2/15)

Altars:

Annotations:
D:2 Sigmund


Message History

Sigmund closely misses you.
You hit Sigmund.
Sigmund is heavily wounded.
Sigmund hits you with a +1 scythe of holy wrath!
You hit Sigmund.
Sigmund is heavily wounded.
You barely miss Sigmund.
Sigmund is heavily wounded.
Sigmund hits you with a +1 scythe of holy wrath.
You hit Sigmund but do no damage.
Sigmund is heavily wounded.
Sigmund hits you with a +1 scythe of holy wrath.
* * * LOW HITPOINT WARNING * * *
You hit Sigmund.
Sigmund is severely wounded.
Sigmund gestures wildly while chanting.
Sigmund flickers and vanishes!
Deactivating autopickup; reactivate with Ctrl-A.
You closely miss something. Something hits you!
You die...

##.... .. #....# #. # #..#.### #.
##### .#
###......###.########...# .#
#..............<........# .#
#....#.###.##...###..รท# ##
#....#.###(#.....###.##
#.#.......##...## #...
#...#@#######.## #### # #.###{#
#.# #.##.###.# #.# #####
#........# ##+## ....# ####.#####
##...## # .##.# #.......#
##..(..## # ....# #.##.#..#
##.......## #
..#######.##....####.........####
...................'.........'...


There were no monsters in sight!

Vanquished Creatures
  An ooze (D:2)
  2 leopard geckos
  7 goblins
  2 hobgoblins (D:2)
  4 jackals (D:1)
  2 ball pythons (D:1)
  9 bats
  5 frilled lizards
  18 kobolds
  5 rats
55 creatures vanquished.

Vanquished Creatures (others)
  A plant (D:1)
1 creature vanquished.

Grand Total: 56 creatures vanquished

Notes
Turn   | Place    | Note
-------+----------+-------------------------------------------
     0 | Abyss:1  | MoonlitKnight the Hill Orc Abyssal Knight began the quest
                  | for the Orb.
     0 | Abyss:1  | Reached XP level 1. HP: 19/19 MP: 2/2
    24 | D:1      | Escaped the Abyss
    61 | D:1      | Reached XP level 2. HP: 7/27 MP: 3/3
   311 | D:1      | You fall into a shaft and drop 1 floor!
   606 | D:1      | Reached ** piety under Lugonu
   653 | D:1      | Reached XP level 3. HP: 20/33 MP: 4/4
  1723 | D:2      | Reached XP level 4. HP: 23/40 MP: 6/6
  2098 | D:2      | Noticed Sigmund
  2109 | D:2      | Slain by Sigmund

Levels and vault maps discovered:
D:1:      minmay_arrival_semitransparent, layout_loops_ring, minivault_23,
          lexackson_kobold_supper
D:2:      layout_loops_corners, uniq_sigmund

Skill      XL: |  1  2  3 |
---------------+----------+-----
Axes           | 3 4 |  4.1
Invocations    | 3 |  3.4
Fighting       | 4 |  4.0
Armour         | |  2.7
Dodging        | |  0.7

Action                   |  1- 3 |  4- 6 || total
-------------------------+-------+-------++-------
Melee: Hand axe          |   162 |    20 ||   182
  Eat: Chunk             |     3 |     1 ||     4
Armor: Leather armour    |    40 |     4 ||    44
Dodge: Dodged            |   102 |    10 ||   112

Table legend:
 A = Non-vault XP
 B = Vault XP
 C = Vault XP percentage of total XP
 D = Non-vault monster count
 E = Vault monster count
 F = Vault count percentage of total count
                 A         B        C        D         E       F
            +---------+---------+-------+---------+---------+-------
      Total |      83 |       7 |   7.8 |      50 |       5 |   9.1
            +---------+---------+-------+---------+---------+-------
        D:1 |      51 |       7 |  12.1 |      33 |       5 |  13.2
        D:2 |      32 |       0 |   0.0 |      17 |       0 |   0.0
            +---------+---------+-------+---------+---------+-------
